 Seeded DCSS version 0.27.1 (webtiles) character file.

Game seed: 425 (custom seed)

994 a11behringer the Slasher (level 8, -2/58 HPs)
             Began as a Formicid Fighter on Aug 24, 2021.
             Was an Elder of Lugonu.
             Slain by a two-headed ogre (19 damage)
             ... on level 5 of the Dungeon on Aug 25, 2021.
             The game lasted 00:25:30 (3887 turns).

a11behringer the Slasher (Formicid Fighter)         Turns: 3887, Time: 00:25:31

Health: -2/58      AC:  9    Str: 22    XL:     8   Next: 42%
Magic:  8/8        EV:  7    Int: 19    God:    Lugonu [****..]
Gold:   122        SH: 10    Dex: 12    Spells: 7/7 levels left

rFire    . . .     SeeInvis +   a - +0 long sword
rCold    . . .     Faith    .   c - +0 kite shield
rNeg     . . .     Spirit   .   r - +0 chain mail
rPois    .         Reflect  .   (helmet unavailable)
rElec    .         Harm     .   (no cloak)
rCorr    .         Rampage  .   (no gloves)
Will     .....                  (no boots)
Stlth    ..........             j - amulet of regeneration
HPRegen  1.19/turn              e - +6 ring of intelligence
MPRegen  0.11/turn              i - +6 ring of intelligence

@: no status effects
A: permanent stasis, dig shafts and tunnels, antennae 3, four strong arms
a: Dig, Shaft Self, Renounce Religion, Depart the Abyss, Bend Space, Banish,
Corrupt


You were on level 5 of the Dungeon.
You worshipped Lugonu.
Lugonu was greatly pleased with you.
You visited 2 branches of the dungeon, and saw 6 of its levels.

You collected 175 gold pieces.
You spent 53 gold pieces at shops.

Inventory:

Hand Weapons
 a - a +0 long sword (weapon)
Missiles
 l - 2 throwing nets
Armour
 b - a +0 scale mail
 c - a +0 kite shield (worn)
 o - a +1 tower shield
 r - a +0 chain mail (worn)
Jewellery
 e - a +6 ring of intelligence (left hand)
 i - a +6 ring of intelligence (right hand)
 j - an amulet of regeneration (around neck)
Scrolls
 d - a scroll of enchant armour
Potions
 f - 2 potions of lignification
 g - 8 potions of curing
 h - 2 potions of heal wounds {unknown}
 k - a potion of attraction {unknown}
 m - a potion of flight {unknown}
 p - 2 potions of cancellation {unknown}


   Skills:
 - Level 3.4 Fighting
 * Level 7.3 Long Blades
 + Level 5.2 Armour
 + Level 1.6 Dodging
 + Level 5.9 Shields


You had 7 spell levels left.
You didn't know any spells.
Your spell library contained the following spells:

 Spells                   Type           Power      Damage    Failure   Level
 Sandblast                Erth           0%         2d4       97%         1
 Passwall                 Tmut/Erth      0%         N/A       99%         2
 Summon Guardian Golem    Hex/Summ       0%         N/A       100%        3
 Animate Armour           Summ/Erth      0%         N/A       100%        4
 Blade Hands              Tmut           0%         N/A       100%        5
 Lee's Rapid Deconstruct  Erth           0%         3d5*      100%        5
 Iron Shot                Conj/Erth      0%         9d1       100%        6
 Orb of Destruction       Conj           0%         N/A       100%        7
 Spellforged Servitor     Conj/Summ      0%         N/A       100%        7


Dungeon Overview and Level Annotations

Branches:
Dungeon (5/15)             Temple (1/1) D:4

Altars:
Ashenzari
Cheibriados
Fedhas
Gozag
Kikubaaqudgha
Makhleb
Nemelex Xobeh
Okawaru
Qazlal
Sif Muna
Uskayaw
Vehumet
Wu Jian
Xom
Yredelemnul
Zin
Lugonu

Shops:
D:1 *


Innate Abilities, Weirdness & Mutations

You cannot be hasted, slowed, berserked, paralysed or teleported.
You can dig through walls and to a lower floor.
You have a pair of large antennae on your head. (SInv)
Your four strong arms can wield two-handed weapons with a shield.


Message History

You completely miss the jelly.
The jelly is almost dead.
The jelly hits you.
You are splashed with acid!
The jelly hits you but does no damage.
You hit the jelly.
You kill the jelly!
Lugonu accepts your kill.
Found a scroll of enchant armour.
d - a scroll of enchant armour You sense a monster nearby.
A two-headed ogre comes into view. It is wielding two +0 giant clubs.
The two-headed ogre shouts in stereo!
You barely miss the two-headed ogre. You block the two-headed ogre's attack.
The two-headed ogre hits you but does no damage.
Your shield and chain mail prevent you from hitting the two-headed ogre.
You block the two-headed ogre's attack.
The two-headed ogre hits you with a +0 giant club!
You slash the two-headed ogre!
The two-headed ogre is moderately wounded.
You barely miss the two-headed ogre.
The two-headed ogre is moderately wounded.
The two-headed ogre hits you with a +0 giant club!!
The two-headed ogre hits you with a +0 giant club.
Your chain mail prevents you from hitting the two-headed ogre.
The two-headed ogre is moderately wounded.
The two-headed ogre hits you with a +0 giant club!
* * * LOW HITPOINT WARNING * * *
The two-headed ogre hits you with a +0 giant club.
* * * LOW HITPOINT WARNING * * *
You barely miss the two-headed ogre.
The two-headed ogre is moderately wounded.
The two-headed ogre hits you but does no damage.
You block the two-headed ogre's attack.
You closely miss the two-headed ogre.
The two-headed ogre is moderately wounded.
You block the two-headed ogre's attack. The two-headed ogre barely misses you.
You slash the two-headed ogre!
The two-headed ogre is moderately wounded.
The two-headed ogre hits you with a +0 giant club!!
You die...

*,,,,,,,,*****,****** ##
*,******,**,,,,,,,,,, .# *,*
*,**,**,****** .#####
*,*###**,*,,,,,,** .....#
*,*#..,,,,,,,,,,,* .###.#
#,*#.#**,*,,,,,,** .# #.#
#.##.###.#****,** .# #.###
#..O.....# *,* ## #...#
***#@#**** *,* ###.# ##.# **+**
#.# #..# **,,,** ### #.# #.##
**,,,,,** ##.###.# #..##
**,,,,,,,*
#...##.########...####,,,,,,*****
.....................+,,,,,,*,,,,
#...##.########...####,,,,>,*,***
##.##.#.## **#..## **,,,,,*,*,,


You could see a two-headed ogre.

Vanquished Creatures
  Duvessa (D:5)
  A black bear (D:4)
  An ice beast (D:3)
  A necrophage (D:4)
  2 ogres (D:5)
  A scorpion (D:5)
  Dowan (D:5)
  2 jellies (D:5)
  2 orc priests (D:3)
  2 iguanas (D:4)
  An orc wizard (D:3)
  A hound skeleton (D:4)
  4 adders
  A worm (D:3)
  2 dart slugs
  7 orcs (D:3)
  9 bats
  11 endoplasms
  2 giant cockroaches
  5 goblins
  7 hobgoblins
  3 jackals (D:2)
  9 kobolds
  4 quokkas
  8 ball pythons
  3 frilled lizards
  3 rats
94 creatures vanquished.

Vanquished Creatures (others)
  A bush (D:5)
1 creature vanquished.

Grand Total: 95 creatures vanquished

Notes
Turn   | Place    | Note
-------+----------+-------------------------------------------
     0 | D:1      | a11behringer the Formicid Fighter began the quest for the
                  | Orb.
     0 | D:1      | Reached XP level 1. HP: 18/18 MP: 1/1
     3 | D:1      | Found a faded altar of an unknown god.
    23 | D:1      | Found Ynavabb's Assorted Antiques.
    40 | D:1      | Became a worshipper of Lugonu the Unformed
    40 | D:1      | Reached * piety under Lugonu
    40 | D:1      | Reached ** piety under Lugonu
   111 | D:1      | Reached XP level 2. HP: 14/24 MP: 2/2
   136 | D:1      | HP: 1/24 [giant cockroach (2)]
   144 | D:1      | HP: 1/24 [rat (1)]
   542 | D:1      | Reached XP level 3. HP: 27/29 MP: 3/3
  1060 | D:2      | Reached XP level 4. HP: 35/35 MP: 4/4
  1064 | D:2      | Reached *** piety under Lugonu
  1081 | D:2      | Reached skill level 3 in Long Blades
  1368 | D:1      | Bought a green potion for 17 gold pieces
  1368 | D:1      | Bought a glowing black potion for 17 gold pieces
  1369 | D:1      | Bought a scroll labelled MAONEGITZA for 19 gold pieces
  1610 | D:3      | Found a stormy altar of Qazlal.
  1643 | D:3      | Found a sparkling altar of Nemelex Xobeh.
  1824 | D:3      | Reached XP level 5. HP: 41/41 MP: 5/5
  2065 | D:3      | Found a hide-covered altar of Uskayaw.
  2069 | D:3      | Noticed an ice beast
  2086 | D:3      | Killed an ice beast
  2087 | D:3      | Reached skill level 4 in Long Blades
  2087 | D:3      | Reached XP level 6. HP: 44/47 MP: 6/6
  2125 | D:3      | Reached skill level 1 in Dodging
  2140 | D:3      | Reached skill level 5 in Shields
  2781 | D:4      | Found a staircase to the Ecumenical Temple.
  2783 | D:4      | Noticed a black bear
  2794 | D:4      | Killed a black bear
  2795 | D:4      | Reached skill level 5 in Long Blades
  2795 | D:4      | Reached XP level 7. HP: 45/52 MP: 7/7
  2888 | Temple   | Entered the Ecumenical Temple
  3199 | D:4      | Found a burning altar of Makhleb.
  3283 | D:4      | Reached **** piety under Lugonu
  3491 | D:5      | Entered Level 5 of the Dungeon
  3525 | D:5      | Found a broken altar of Ashenzari.
  3544 | D:5      | Reached skill level 6 in Long Blades
  3545 | D:5      | Noticed Duvessa
  3545 | D:5      | Noticed Dowan
  3555 | D:5      | Killed Duvessa
  3572 | D:5      | Killed Dowan
  3573 | D:5      | Reached XP level 8. HP: 51/58 MP: 8/8
  3601 | D:5      | Reached skill level 5 in Armour
  3695 | D:5      | Reached skill level 7 in Long Blades
  3879 | D:5      | Noticed a two-headed ogre
  3887 | D:5      | Slain by a two-headed ogre

Illustrated notes

Levels and vault maps discovered:
D:1:      onia_arrival_pentagram, layout_loops_ring, serial_shops,
          nicolae_shop_crystal, basic_ecumenical_altar
D:2:      layout_rooms, hangedman_decor_riveting
D:3:      layout_rooms, mainiacjoe_overflow_alcove_1,
          nicolae_qazlal_eye_of_the_storm, mainiacjoe_overflow_cross_hatched,
          serial_co_window_serial, co_window_paths_b, co_window_paths_b,
          co_window_paths_b, co_window_corner_a, co_window_corner_a,
          co_window_paths_a, co_window_paths_a, co_window_cross_3,
          co_window_corner_cb, co_window_corner_b, co_window_broadway_b,
          co_window_4corner_b, glass_columns_b, glass_columns_c
D:4:      minmay_evil_eye, layout_cave_pools,
          mainiacjoe_overflow_small_starburst, temple_statues
D:5:      layout_loops_corners, mainiacjoe_overflow_alcove_2,
          nicolae_ru_sacrificial_ziggurat, minmay_hedge_maze, uniq_duvessa,
          uniq_ijyb, uniq_crazy_yiuf_cottage
Temple:   minmay_temple_curvy_loop

Skill      XL: |  1  2  3  4  5  6  7  8 |
---------------+-------------------------+-----
Shields        | 4 5 |  5.9
Long Blades    | 3 4 5 6 7 |  7.3
Armour         | 4 5 |  5.2
Dodging        | 1 |  1.6
Fighting       | |  3.4

Action                   |  1- 3 |  4- 6 |  7- 9 || total
-------------------------+-------+-------+-------++-------
Melee: Long sword        |   105 |   173 |   132 ||   410
 Abil: Dig               |     2 |     1 |       ||     3
  Use: Scroll            |       |     2 |     5 ||     7
       Potion            |       |       |     1 ||     1
Armor: Scale mail        |    57 |    68 |    23 ||   148
       Chain mail        |       |       |    16 ||    16
Dodge: Dodged            |    44 |    71 |    32 ||   147
Block: Kite shield       |    83 |    96 |    46 ||   225
       Rpst.: Long sword |    15 |    19 |     8 ||    42
